 Dungeon Crawl Stone Soup version 0.22-a0-396-g3f858e3 (webtiles) character file.

12818 JeffiDaFish the Arsonist (level 11, -10/81 HPs)
             Began as a Red Draconian Fire Elementalist on May 3, 2018.
             Was a High Priest of Sif Muna.
             Engulfed by an ice statue's freezing vapour (27 damage)
             ... in an ice cave on May 4, 2018.
             The game lasted 00:51:58 (14449 turns).

JeffiDaFish the Arsonist (DrFE)                    Turns: 14449, Time: 00:51:58

Health: -10/81     AC:  9    Str: 11    XL:     11   Next: 67%
Magic:  20/25      EV: 12    Int: 18    God:    Sif Muna [*****.]
Gold:   810        SH:  5    Dex: 12    Spells: 8/31 levels left

rFire    + . .     SeeInvis .   e - +1 short sword (flame)
rCold    . . .     Gourm    .   j - +0 buckler
rNeg     . . .     Faith    .   (armour unavailable)
rPois    .         Spirit   .   p - +1 hat
rElec    .         Reflect  .   s - +0 cloak
rCorr    .         Harm     .   (no gloves)
MR       .....                  (no boots)
Stlth    ++........             d - amulet of the acrobat
HPRegen  0.23/turn              (no ring)
MPRegen  0.19/turn              (no ring)

@: slowed, divine energy, very slow
A: breathe fire, unfitting armour, fire resistance 1, cold-blooded, AC +7
a: Breathe Fire, Stop Divine Energy, Channel Magic, Forget Spell, Renounce
Religion


You were in an ice cave.
You worshipped Sif Muna.
Sif Muna was extremely pleased with you.
You were hungry.

You visited 2 branches of the dungeon, and saw 11 of its levels.
You also visited: Ossuary and Ice Cave.

You collected 810 gold pieces.

Inventory:

Hand Weapons
 e - a +1 short sword of flaming (weapon)
 m - a +2 dagger of electrocution
Armour
 j - a +0 buckler (worn)
 o - a scarf of resistance
 p - a +1 hat (worn)
 s - a +0 cloak (worn)
Jewellery
 d - an amulet of the acrobat (around neck)
Wands
 c - a wand of iceblast (10)
Scrolls
 f - 10 scrolls of identify
 g - 4 scrolls of teleportation
 h - 4 scrolls of remove curse
 q - a scroll of blinking
 r - a scroll of amnesia
Potions
 a - 2 potions of curing
 l - 2 potions of brilliance
 n - 2 potions of haste
Comestibles
 b - 21 rations


   Skills:
 + Level 2.9 Fighting
 - Level 2.0 Dodging
 - Level 1.7 Stealth
 - Level 4.0 Shields
 + Level 10.5 Spellcasting
 + Level 9.0 Conjurations
 * Level 13.1 Fire Magic
 + Level 2.0 Poison Magic


You had 8 spell levels left.
You knew the following spells:

 Your Spells              Type           Power        Failure   Level  Hunger
a - Flame Tongue          Conj/Fire      #####        1%          1    None
b - Conjure Flame         Conj/Fire      #####...     1%          3    None
c - Sticky Flame          Conj/Fire      #####...     1%          4    ###....
d - Fireball              Conj/Fire      #####.....   2%          5    #####..
e - Ignite Poison         Fire/Tmut/Pois ####....     2%          3    None
f - Mephitic Cloud        Conj/Pois/Air  ###.....     4%          3    None
g - Olgreb's Toxic Radia  Pois           ###.....     32%         4    ###....


Dungeon Overview and Level Annotations

Branches:
Dungeon (10/15)            Temple (0/1) D:7            Lair (1/6) D:8
    Orc: D:9-12

Altars:
Fedhas
Gozag
Okawaru
Ru
Sif Muna
Uskayaw
Wu Jian
Yredelemnul

Shops:
D:10 :(:

Annotations:
IceCv exclusion: ice statue


Innate Abilities, Weirdness & Mutations

You can breathe blasts of fire.
Your fiery red scales are hard. (AC +7)
You cannot fit into any form of body armour.
Your flesh is heat resistant. (rF+)
You are cold-blooded and may be slowed by cold attacks.


Message History

A rime drake and an ice statue come into view.
Casting: Sticky Flame (safe; 1% risk of failure)
Confirm with . or Enter, or press ? or * to list all spells.
Aiming: Fireball (safe; 2% risk of failure)
Press: ? - help, Shift-Dir - straight line, f - ice statue
Aim: an ice statue The fireball explodes!
The fireball engulfs the ice statue.
The ice statue melts!
The ice statue is moderately damaged.
The rime drake breathes ice at you. The flash freeze hits you!
You are encased in ice.
The ice statue gestures at you. The freezing blast misses you.
You are engulfed in freezing vapours.
You feel yourself slow down.
You are engulfed in freezing vapours.
* * * LOW HITPOINT WARNING * * *
The ice encasing you melts away.
You feel much better.
You are engulfed in freezing vapours.
You die...

#...#..#..### ##...#
##.### #..####.###
#..#######....# ##.
### ##.#..#....##.#
## #...#....##.#. #
#######...###... .#8
##.####...######.
....
##....#..#..#....#
.....
###..##..####...#.#.
.....§#..@######
######.. .....k.§###
### .......## ##.
.....§# # ##..
....## #.#..# ..#
#..## # #....#...
########. ##


You could see a rime drake.

Vanquished Creatures
  Erica (D:9)
  A two-headed ogre (D:8)
  The ghost of Mythocy the Thaumaturge, a novice DEFE of Vehumet (D:9)
  Pikel (D:8)
  Maurice (D:8)
  Psyche (D:8)
  3 rime drakes
  2 trolls (D:10)
  2 slime creatures (D:10)
  A hippogriff (D:7)
  4 yaks (D:9)
  A wraith (D:8)
  Eustachio (D:4)
  2 hungry ghosts
  3 wargs
  Edmund (D:5)
  2 orc warriors (D:10)
  3 sky beasts
  A slave (D:8)
  2 black bears
  12 ice beasts
  5 ogres
  2 phantoms
  2 necrophages
  A crocodile (D:10)
  2 centaurs
  Blork the orc (D:4)
  An elf zombie (D:8)
  A big kobold (D:10)
  5 bullfrogs
  2 scorpions (D:4)
  4 killer bees (D:10)
  5 wights
  4 howler monkeys
  4 jellies
  An electric eel (D:9)
  3 crimson imps
  A centaur zombie (D:10)
  A bullfrog zombie (D:7)
  A quasit (D:6)
  6 hounds
  19 orc wizards
  5 human zombies
  3 bullfrog skeletons
  A centaur skeleton (D:8)
  10 orc priests
  4 iguanas
  6 worker ants
  A bullfrog simulacrum (D:9)
  A centaur simulacrum (D:9)
  2 hound zombies
  A hound skeleton (D:7)
  3 mummies
  4 gnolls
  7 adders
  4 shadow imps
  A white imp (D:9)
  A worker ant simulacrum (D:9)
  An ooze (D:6)
  An adder zombie (D:9)
  An adder skeleton (D:6)
  2 worms
  A dart slug (D:2)
  4 leopard geckos
  46 orcs
  4 bats
  4 giant cockroaches
  8 goblins
  11 hobgoblins
  14 jackals
  15 kobolds
  4 quokkas
  A ball python (D:6)
  7 frilled lizards
  A leopard gecko skeleton (D:4)
  An orc skeleton (D:8)
  2 orc zombies (D:8)
  A quokka skeleton (D:4)
  A quokka zombie (D:6)
  12 rats
313 creatures vanquished.

Vanquished Creatures (others)
  A human zombie (D:8)
1 creature vanquished.

Grand Total: 314 creatures vanquished

Notes
Turn   | Place    | Note
-------+----------+-------------------------------------------
     0 | D:1      | JeffiDaFish the Draconian Fire Elementalist began the quest for the Orb.
     0 | D:1      | Reached XP level 1. HP: 14/14 MP: 3/3
   373 | D:1      | Reached XP level 2. HP: 20/20 MP: 5/5
   886 | D:1      | Reached XP level 3. HP: 26/26 MP: 0/6
   946 | D:1      | Learned a level 3 spell: Conjure Flame
  1921 | D:2      | Found a blossoming altar of Fedhas.
  2248 | D:2      | Reached XP level 4. HP: 28/33 MP: 0/8
  2699 | D:2      | Found an ornate altar of the Wu Jian Council.
  3109 | D:3      | Reached XP level 5. HP: 35/38 MP: 2/10
  3302 | D:3      | Found a deep blue altar of Sif Muna.
  3315 | D:3      | Became a worshipper of Sif Muna the Loreminder
  3466 | D:3      | Reached skill level 4 in Fire Magic
  3467 | D:3      | Reached XP level 6. HP: 30/45 MP: 1/11
  3603 | D:3      | Learned a level 4 spell: Sticky Flame
  3983 | D:4      | Found a sand-covered staircase.
  3992 | Ossuary  | Entered an ossuary
  4579 | D:4      | Noticed Eustachio
  4595 | D:4      | Killed Eustachio
  4595 | D:4      | Reached skill level 1 in Shields
  4595 | D:4      | Your scales start taking on a fiery red colour.
  4595 | D:4      | Reached skill level 5 in Fire Magic
  4595 | D:4      | Reached XP level 7. HP: 36/50 MP: 0/14
  4595 | D:4      | Gained mutation: Your flesh is heat resistant. (rF+) [Red Draconian growth]
  4877 | D:4      | Noticed Blork the orc
  4887 | D:4      | Killed Blork the orc
  4887 | D:4      | Reached * piety under Sif Muna
  5059 | D:4      | Reached skill level 5 in Conjurations
  5237 | D:4      | Reached skill level 5 in Spellcasting
  5661 | D:5      | Entered Level 5 of the Dungeon
  5876 | D:5      | Noticed a hand axe
  5876 | D:5      | Noticed a dagger
  5879 | D:5      | Found a hide-covered altar of Uskayaw.
  6062 | D:5      | Reached skill level 6 in Fire Magic
  6415 | D:5      | Reached XP level 8. HP: 47/57 MP: 13/16
  6458 | D:5      | Learned a level 5 spell: Fireball
  6640 | D:5      | Noticed Edmund
  6653 | D:5      | Killed Edmund
  7167 | D:6      | Reached skill level 7 in Fire Magic
  7259 | D:6      | Reached ** piety under Sif Muna
  7897 | D:6      | Found a sacrificial altar of Ru.
  8355 | D:6      | Reached skill level 8 in Fire Magic
  8355 | D:6      | Reached XP level 9. HP: 49/61 MP: 9/19
  9195 | D:7      | Reached *** piety under Sif Muna
  9206 | D:7      | Reached skill level 9 in Fire Magic
  9497 | D:7      | Found a staircase to the Ecumenical Temple.
 10359 | D:8      | Noticed a two-headed ogre
 10372 | D:8      | Killed a two-headed ogre
 10372 | D:8      | Reached **** piety under Sif Muna
 10372 | D:8      | Reached skill level 10 in Fire Magic
 10372 | D:8      | Reached XP level 10. HP: 40/67 MP: 9/22
 10534 | D:8      | Found a staircase to the Lair.
 10662 | D:8      | Noticed Psyche
 10663 | D:8      | Noticed Maurice
 10667 | D:8      | Killed Psyche
 10667 | D:8      | Killed Maurice
 10852 | D:8      | Noticed Pikel
 10898 | D:8      | Killed Pikel
 10898 | D:8      | Reached ***** piety under Sif Muna
 10898 | D:8      | Reached skill level 11 in Fire Magic
 10927 | D:8      | Found a basalt altar of Yredelemnul.
 11081 | D:8      | Identified Sif Muna's Further Progress in Secret Knowledge (Sif Muna gifted it to you on level 8 of the Dungeon)
 11081 | D:8      | Received a gift from Sif Muna
 11377 | D:9      | Found an opulent altar of Gozag.
 11377 | D:9      | Found an iron altar of Okawaru.
 12041 | D:9      | Noticed Mythocy's ghost (novice DEFE)
 12046 | D:9      | Killed Mythocy's ghost
 12046 | D:9      | Reached XP level 11. HP: 53/72 MP: 4/24
 12245 | D:9      | Reached skill level 12 in Fire Magic
 12505 | D:9      | Found a sacrificial altar of Ru.
 12682 | D:9      | Noticed Erica
 12691 | D:9      | Killed Erica
 12691 | D:9      | Reached skill level 10 in Spellcasting
 12834 | D:10     | Entered Level 10 of the Dungeon
 13095 | D:10     | Reached skill level 1 in Fighting
 13340 | D:10     | Found Zionweli's Book Emporium.
 13432 | D:10     | Identified Sif Muna's Guide on Envenoming (Sif Muna gifted it to you on level 10 of the Dungeon)
 13432 | D:10     | Received a gift from Sif Muna
 13440 | D:10     | Learned a level 3 spell: Ignite Poison
 13444 | D:10     | Learned a level 3 spell: Mephitic Cloud
 13449 | D:10     | Learned a level 4 spell: Olgreb's Toxic Radiance
 13592 | D:10     | Found Zatsedol's Book Shop.
 13695 | D:10     | Found Joqok's Weapon Shoppe.
 14062 | Lair:1   | Entered Level 1 of the Lair of Beasts
 14070 | Lair:1   | Found a frozen archway.
 14072 | Lair:1   | Reached skill level 1 in Poison Magic
 14119 | IceCv    | Entered an ice cave
 14134 | IceCv    | Reached skill level 13 in Fire Magic
 14448 | IceCv    | HP: 1/79 [something] (31)]
 14449 | IceCv    | Engulfed by an ice statue's freezing vapour

Vault maps used:
D:1:      sevenhm_arrival_forest_fort_large_4
D:2:      cheibrodos_old_hovel, fedhas_altar_3, overflow_temple_1_default
D:3:      led_sif_book, interstate_on_off
D:4:      nicolae_ossuary_entry_ruins, uniq_blork_the_orc, uniq_eustachio
D:5:      dancing_weapons_uskayaw, first_ration, corexii_hall_statues_deadend,
          uniq_edmund
D:6:      st_stairs_13, lemuel_statue_altar
D:7:      minmay_temple_entry_poolview, serial_undead, serial_undead_c,
          serial_undead_d, serial_undead_e, serial_undead_f, serial_undead_a,
          serial_undead_b
D:8:      lemuel_mausoleum_altar_yredelemnul, erik_lair_orcish_takeover,
          uniq_pikel, uniq_psyche, uniq_maurice
D:9:      chequers_temple_overflow_statue_of_worship, lemuel_round_altar,
          serial_ice, serial_ice_e, serial_ice_k, serial_ice_h, serial_ice_a,
          uniq_erica
D:10:     serial_shops, shop, kennysheep_mini_moat, nicolae_shop_behind_doors
Lair:1:   portal_ice_cave_rime, lemuel_fruit_fields
Ossuary:  ossuary_minmay_tomb_2a
IceCv:    ice_cave_small_dragons

Skill      XL: |  1  2  3  4  5  6  7  8  9 10 11 |
---------------+----------------------------------+-----
Dodging        | 2 |  2.0
Conjurations   | 2 3 4 5 6 7 8 9 |  9.0
Spellcasting   | 3 4 5 6 8 9 10 | 10.5
Fire Magic     | 4 5 6 8 10 11 13 | 13.1
Shields        | 1 2 3 4 |  4.0
Fighting       | 2 |  2.9
Poison Magic   | 2 |  2.0
Stealth        | |  1.7

Action                   |  1- 3 |  4- 6 |  7- 9 | 10-12 || total
-------------------------+-------+-------+-------+-------++-------
Melee: Spear             |    96 |   126 |     2 |       ||   224
       Unarmed           |     7 |       |       |       ||     7
       Dagger            |     1 |       |    62 |   244 ||   307
       Tailslap          |     2 |     8 |    21 |    31 ||    62
       Short sword       |       |       |   137 |     8 ||   145
 Cast: Flame Tongue      |    47 |    72 |   111 |    63 ||   293
       Conjure Flame     |     1 |     3 |     2 |     2 ||     8
       Sticky Flame      |       |     4 |    42 |    38 ||    84
       Fireball          |       |       |     4 |    51 ||    55
Invok: Divine Energy     |       |       |     1 |       ||     1
Evoke: Wand              |       |       |     1 |     5 ||     6
  Use: Scroll            |     4 |     3 |     2 |     4 ||    13
       Potion            |     3 |     6 |     3 |     4 ||    16
 Stab: Sleeping          |     3 |     4 |     1 |     1 ||     9
  Eat: Chunk             |     5 |     6 |    22 |    22 ||    55
       Ration            |       |     1 |     1 |     2 ||     4
Armor: Skin              |    25 |    54 |    81 |    81 ||   241
Dodge: Dodged            |    54 |   131 |   196 |   140 ||   521
Block: Buckler           |       |       |    10 |    49 ||    59

Table legend:
 A = Spawn XP
 B = Non-spawn XP
 C = Spawn XP percentage of total XP
 D = Spawn monster count
 E = Non-spawn monster count
 F = Spawn count percentage of total count
 G = Total turns spent on level
                    A         B        C        D         E        F      G
               +---------+---------+-------+---------+---------+-------+---------
         Total |       0 |   18312 |   0.0 |       0 |     313 |   0.0 | 14449
               +---------+---------+-------+---------+---------+-------+---------
           D:1 |       0 |      49 |   0.0 |       0 |      22 |   0.0 |  1470
           D:2 |       0 |      72 |   0.0 |       0 |      25 |   0.0 |  1258
           D:3 |       0 |     389 |   0.0 |       0 |      36 |   0.0 |  1244
           D:4 |       0 |     543 |   0.0 |       0 |      15 |   0.0 |  1950
           D:5 |       0 |     673 |   0.0 |       0 |      17 |   0.0 |   979
           D:6 |       0 |     899 |   0.0 |       0 |      23 |   0.0 |  1483
           D:7 |       0 |    1796 |   0.0 |       0 |      34 |   0.0 |  1737
           D:8 |       0 |    4329 |   0.0 |       0 |      43 |   0.0 |  1159
           D:9 |       0 |    3835 |   0.0 |       0 |      42 |   0.0 |  1540
          D:10 |       0 |    3366 |   0.0 |       0 |      42 |   0.0 |  1206
        Lair:1 |       0 |     758 |   0.0 |       0 |       2 |   0.0 |    57
       Ossuary |       0 |      62 |   0.0 |       0 |       2 |   0.0 |    36
         IceCv |       0 |    1541 |   0.0 |       0 |      10 |   0.0 |   330
               +---------+---------+-------+---------+---------+-------+---------
